 Dungeon Crawl Stone Soup version 0.22.1-2-g9c5b331 (webtiles) character file.

60 Yuikono the Gusty (level 4, 0/24 HPs)
             Began as a Tengu Air Elementalist on Dec 20, 2018.
             Slain by Crazy Yiuf
             ... wielding a +2 quarterstaff of chaos
              (4 damage)
             ... on level 2 of the Dungeon.
             The game lasted 00:07:39 (2687 turns).

Yuikono the Gusty (Tengu Air Elementalist)          Turns: 2687, Time: 00:07:45

Health: 0/24       AC:  2    Str:  8    XL:     4   Next: 6%
Magic:  4/8        EV: 13    Int: 16    God:
Gold:   68         SH:  0    Dex: 15    Spells: 2/8 levels left

rFire    . . .     SeeInvis .   f - +0 dagger
rCold    . . .     Gourm    .   (no shield)
rNeg     . . .     Faith    .   a - +0 robe
rPois    .         Spirit   .   (helmet restricted)
rElec    .         Reflect  .   (no cloak)
rCorr    .         Harm     .   (no gloves)
MR       +....                  (boots unavailable)
Stlth    ++........             (no amulet)
HPRegen  0.08/turn              m - ring of protection from magic
MPRegen  0.11/turn              (no ring)

@: sluggish, very slow
A: beak, talons 3
a: no special abilities


You were on level 2 of the Dungeon.
You were not hungry.

You visited 1 branch of the dungeon, and saw 2 of its levels.

You collected 68 gold pieces.

Inventory:

Hand Weapons
 b - a +0 short sword
 f - a +0 dagger (weapon)
Missiles
 i - 34 arrows
 l - 37 stones (quivered)
Armour
 a - a +0 robe (worn)
Jewellery
 m - a ring of protection from magic (left hand)
Scrolls
 k - 5 scrolls of teleportation {unknown}
Potions
 e - 2 potions of berserk rage {unknown}
 g - 2 potions of lignification {unknown}
 h - a potion of ambrosia {unknown}
 j - a potion of brilliance {unknown}
 o - 2 potions of curing {unknown}
Comestibles
 c - 2 rations


   Skills:
 - Level 0.3 Short Blades
 - Level 2.7 Dodging
 - Level 2.2 Stealth
 + Level 2.5 Spellcasting
 + Level 2.1 Conjurations
 + Level 5.0 Air Magic


You had 2 spell levels left.
You knew the following spells:

 Your Spells              Type           Power        Failure   Level  Hunger
a - Shock                 Conj/Air       ##..         4%          1    #......
b - Swiftness             Chrm/Air       ##......     11%         2    ##.....
c - Static Discharge      Conj/Air       ##......     14%         3    ###....

Your spell library contained the following spells:

 Spells                   Type           Power        Failure   Level  Hunger
 Airstrike                Air            ###.......   26%         4    #####..
 Lightning Bolt           Conj/Air       ##........   77%         5    ######.


Dungeon Overview and Level Annotations

Branches:
Dungeon (2/15)

Altars:
Gozag
Hepliaklqana
Okawaru

Annotations:
D:2 Crazy Yiuf


Innate Abilities, Weirdness & Mutations

You have a beak for a mouth.
You have claws for feet.


Message History

Confirm with . or Enter, or press ? or * to list all spells.
Aiming: Shock (safe; 4% risk of failure)
Press: ? - help, Shift-Dir - straight line, f/p - Crazy Yiuf
Aim: Crazy Yiuf, wielding a quarterstaff of chaos and wearing a cloak (lightly The zap hits Crazy Yiuf.
Crazy Yiuf appears unharmed.
Crazy Yiuf is lightly wounded.
Crazy Yiuf yells, "Blight!
Flower illywillydillykilly pontify."
As you read the scroll labeled VAEMMI EFAOCRE, it crumbles to dust.
You hear the distant roaring of an enraged frog.
It was a scroll of random uselessness.
Crazy Yiuf laughs, "Ghoul!
Snoogle light disdain."
Crazy Yiuf hits you with a quarterstaff of chaos!
As you read the scroll labeled XONNED GUONG, it crumbles to dust.
The creatures around you are filled with an inner flame!
It was a scroll of immolation.
You start to feel a little faster.
Crazy Yiuf hits you with a quarterstaff of chaos!
* * * LOW HITPOINT WARNING * * *
Crazy Yiuf freezes you.
You die...

#.###.....##...... #.#
#.....##.####.
#.###.........# #.
#...#.....##### #.
#####...#.....# #.
#.......#.....#######.
#.###...######........
#.##...## #.#####..
#.##.@## ### ###
#.##.g# # #.##..# #
#.##..##♣♣ ### #
#.##..')P♣♣ ♣♣#..)# #
#.##.....g♣♣♣♣.'g..# #
#.##....PP.♣..♣#...# #
#.....+)P.♣.♣♣♣ ###
##....##♣♣♣♣♣


You could see Crazy Yiuf (inner flame).

Vanquished Creatures
  2 adders (D:2)
  2 dart slugs
  A leopard gecko (D:1)
  2 giant cockroaches
  4 goblins
  3 hobgoblins
  3 jackals (D:1)
  4 bats
  4 frilled lizards
  5 kobolds
  7 rats
  A bush (D:2)
38 creatures vanquished.

Notes
Turn   | Place    | Note
-------+----------+-------------------------------------------
     0 | D:1      | Yuikono the Tengu Air Elementalist began the quest for the
                  | Orb.
     0 | D:1      | Reached XP level 1. HP: 10/10 MP: 4/4
   545 | D:1      | Reached XP level 2. HP: 15/15 MP: 6/6
   554 | D:1      | Learned a level 2 spell: Swiftness
  1229 | D:2      | Found a hazy altar of Hepliaklqana.
  1255 | D:2      | Reached XP level 3. HP: 19/19 MP: 7/7
  1294 | D:2      | Found an opulent altar of Gozag.
  2034 | D:2      | Found an iron altar of Okawaru.
  2128 | D:2      | Reached skill level 5 in Air Magic
  2128 | D:2      | Reached XP level 4. HP: 13/24 MP: 8/8
  2268 | D:2      | Learned a level 3 spell: Static Discharge
  2602 | D:2      | Found a runed door.
  2668 | D:2      | Noticed Crazy Yiuf
  2687 | D:2      | Slain by Crazy Yiuf

Skill      XL: |  1  2  3 |
---------------+----------+-----
Conjurations   | 2 |  2.1
Air Magic      | 5 |  5.0
Short Blades   | |  0.3
Dodging        | |  2.7
Stealth        | |  2.2
Spellcasting   | |  2.5

Action                   |  1- 3 |  4- 6 || total
-------------------------+-------+-------++-------
Melee: Short sword       |    17 |       ||    17
       Kick              |    16 |    94 ||   110
       Peck              |     4 |    50 ||    54
       Unarmed           |     1 |       ||     1
       Dagger            |    51 |   191 ||   242
 Cast: Shock             |    26 |     4 ||    30
       Swiftness         |       |     1 ||     1
  Use: Scroll            |       |     2 ||     2
 Stab: Sleeping          |    10 |       ||    10
       Distracted        |     1 |       ||     1
  Eat: Chunk             |     4 |     1 ||     5
       Ration            |       |     1 ||     1
Armor: Robe              |    17 |       ||    17
Dodge: Dodged            |    55 |       ||    55
